 Dungeon Crawl Stone Soup version 0.30.1-3-gfc49f6343a (webtiles) character file.

Game seed: 12983557428933580230

320 Kranky the Poker (level 6, -1/49 HPs)
             Began as a Formicid Gladiator on July 23, 2023.
             Slain by an orc
             ... wielding a +0 war axe
              (8 damage)
             ... on level 4 of the Dungeon.
             The game lasted 00:04:41 (3310 turns).

Kranky the Poker (Formicid Gladiator)               Turns: 3310, Time: 00:04:42

Health: -1/49      AC: 10    Str: 20    XL:     6   Next: 75%
Magic:  6/6        EV:  5    Int:  8    God:
Gold:   58         SH:  0    Dex: 15    Spells: 5/5 levels left

rFire   . . .        a - +0 trident
rCold   . . .        l - +0 kite shield
rNeg    . . .        p - +0 ring mail
rPois   .            (helmet unavailable)
rElec   .            n - +2 cloak
rCorr   .            t - +1 pair of gloves
SInv    +            (no boots)
Will    .....        (no amulet)
Stlth   +            (no ring)
HPRegen 0.28/turn    (no ring)
MPRegen 0.10/turn

%: no passive effects
@: held
A: permanent stasis, dig shafts and tunnels, antennae 3, four strong arms
a: Dig, Shaft Self


You were on level 4 of the Dungeon.
You visited 1 branch of the dungeon, and saw 4 of its levels.

You collected 166 gold pieces.
You spent 108 gold pieces at shops.

Inventory:

Hand Weapons
 a - a +0 trident (weapon)
Missiles
 c - 3 throwing nets (quivered)
 d - a javelin
Armour
 b - a +0 leather armour
 l - a +0 kite shield (worn)
 n - a +2 cloak (worn)
 p - a +0 ring mail (worn)
 t - a +1 pair of gloves (worn)
Scrolls
 f - 6 scrolls of identify {unknown}
 g - 2 scrolls of enchant weapon {unknown}
 i - a scroll of fear {unknown}
 j - a scroll of poison {unknown}
 k - 6 scrolls of teleportation {unknown}
 m - 2 scrolls of amnesia {unknown}
 q - a scroll of blinking {unknown}
Potions
 e - 4 potions of curing {unknown}
 h - 3 potions of flight {unknown}
 o - a potion of haste {unknown}
 r - a potion of attraction {unknown}
 s - a potion of brilliance {unknown}
 u - a potion of degeneration {unknown}


   Skills:
 + Level 4.7 Fighting
 + Level 4.8 Polearms
 - Level 2.0 Throwing
 - Level 2.6 Dodging
 + Level 4.0 Shields


You had 5 spell levels left.
You didn't know any spells.
Your spell library contained the following spells:

 Spells                   Type           Power      Damage    Failure   Level
 Ensorcelled Hibernation  Hex/Ice        0%         N/A       95%         2
 Spider Form              Tmut/Pois      0%         N/A       99%         3
 Anguish                  Hex/Necr       0%         N/A       100%        4


Dungeon Overview and Level Annotations

Branches:
Dungeon (4/15)
 Temple: D:4-7

Altars:

Shops:
D:3 *   D:4 [


Innate Abilities, Weirdness & Mutations

You cannot be hasted, slowed, berserked, paralysed or teleported.
You can dig through walls and to a lower floor.
You have a pair of large antennae on your head. (SInv)
Your four strong arms can wield two-handed weapons with a shield.


Message History

Items here: ))) [[ ††††.
Okay, then.
There is a stone staircase leading down, spattered with blood here.
Items here: )) [ †.
There is a stone staircase leading down, spattered with blood here.
You start resting.
HP restored.
You climb downwards.
The gnoll shouts!
You hear a shout!
You block the orc's attack. The orc hits you but does no damage.
There is a stone staircase leading up here.
You block the orc's attack.
The gnoll throws a throwing net.
The throwing net hits you.
You become entangled in the net!
You stop ascending the stairs.
The orc hits you but does no damage.
Unknown command.
You struggle against the net.
The orc hits you with a +0 war axe. The gnoll completely misses you.
The orc hits you but does no damage.
You struggle against the net.
The orc hits you with a +0 war axe. The gnoll hits you with a +0 flail.
The gnoll hits you from afar with a +0 halberd.
The orc completely misses you.
A gnoll comes into view. It is wielding a +0 whip.
You struggle against the net.
The orc hits you with a +0 war axe. The gnoll hits you with a +0 flail.
The gnoll hits you from afar with a +0 halberd.
The orc hits you with a +0 short sword.
You rip the net and break free!
The orc misses you. You block the gnoll's attack.
The gnoll hits you but does no damage. The orc hits you with a +0 short sword.
The orc closely misses you. The gnoll hits you but does no damage.
The gnoll throws a throwing net.
The throwing net hits you.
You become entangled in the net!
You stop ascending the stairs.
The orc barely misses you.
Unknown command.
You tear a large gash into the net.
The orc barely misses you. The gnoll hits you with a +0 flail.
The orc hits you with a +0 short sword.
The gnoll hits you from afar with a +0 halberd!
* * * LOW HITPOINT WARNING * * *
You struggle against the net.
The orc hits you with a +0 war axe!
You die...

#.. ## #.......#
#...#.###.......#
#....##.......#
#.#.##.##...#..##
#...)..o....#.##
...>...o.o..#.#
.....###......#####
...#.....K...##.o.#
.#...........##o@.#
#.#######....#g..#
... ....#.##.og..#
... ∩.>.#....g...#
#.. ....#.####...#
..S #####.# #...# #
.# #...# #...#
#...#


You could see an orc wizard, 3 gnolls and 2 orcs.

Vanquished Creatures
  A hound (D:4)
  Crazy Yiuf (D:3)
  An orc priest (D:3)
  3 orc wizards (D:3)
  An iguana (D:3)
  A gnoll (D:1)
  3 adders
  A worm (D:4)
  4 dart slugs
  12 orcs
  8 bats
  7 endoplasms
  A giant cockroach (D:2)
  7 goblins
  4 hobgoblins
  6 kobolds
  3 quokkas (D:1)
  6 ball pythons
  A frilled lizard (D:2)
  3 rats
74 creatures vanquished.

Notes
Turn   | Place    | Note
-------+----------+-------------------------------------------
     0 | D:1      | Kranky the Formicid Gladiator began the quest for the Orb.
     0 | D:1      | Reached XP level 1. HP: 16/16 MP: 1/1
   103 | D:1      | Reached XP level 2. HP: 23/23 MP: 2/2
   124 | D:1      | Found a faded altar of an unknown god.
   435 | D:1      | Reached XP level 3. HP: 19/29 MP: 3/3
   891 | D:1      | Reached skill level 1 in Shields
   891 | D:1      | Reached XP level 4. HP: 23/35 MP: 4/4
  1188 | D:2      | You fall into a shaft and drop 1 floor!
  1847 | D:3      | Reached XP level 5. HP: 32/42 MP: 5/5
  2148 | D:3      | Found a runed translucent door.
  2149 | D:3      | Noticed Crazy Yiuf
  2321 | D:3      | Found Urphitoir's Assorted Antiques.
  2325 | D:3      | Bought a scroll labelled ERPHYG XE MYJIWN for 24 gold
                  | pieces
  2325 | D:3      | Bought a coppery potion for 21 gold pieces
  2325 | D:3      | Bought a green potion for 21 gold pieces
  2325 | D:3      | Bought a fizzy emerald potion for 21 gold pieces
  2325 | D:3      | Bought a golden potion for 21 gold pieces
  2688 | D:3      | Killed Crazy Yiuf
  2689 | D:3      | Reached XP level 6. HP: 22/49 MP: 6/6
  2912 | D:4      | Found Quosint's Antique Armour Emporium.
  3310 | D:4      | Slain by an orc

Illustrated notes

Levels and vault maps discovered:
D:1:      scummos_arrival_checkerplants, layout_basic, basic_ecumenical_altar,
          dk_noncrumbling_2, minmay_pentomino_t4
D:2:      layout_rooms
D:3:      layout_loops_corners, serial_shops, shop, kennysheep_path_1,
          uniq_crazy_yiuf_cottage
D:4:      layout_rooms, serial_shops, nicolae_take_the_stairs, nzn_random_ring

Skill      XL: |  1  2  3  4  5  6 |
---------------+-------------------+-----
Fighting       | 3 4 |  4.7
Shields        | 1 2 3 4 |  4.0
Polearms       | 4 |  4.8
Throwing       | |  2.0
Dodging        | |  2.6

Action                     |  1- 3 |  4- 6 || total
---------------------------+-------+-------++-------
  Melee: Trident           |    82 |   186 ||   268
   Stab: Sleeping          |     1 |     1 ||     2
 Armour: Leather armour    |    22 |    15 ||    37
         Ring mail         |       |    69 ||    69
  Dodge: Dodged            |    40 |    75 ||   115
  Block: Kite shield       |    15 |    87 ||   102
